[Event "Schack-SM 2022: Junior-SM"]
[Site "Fyrishov, Idrottsgatan 2, Uppsala, Sweden"]
[Date "2022.07.06"]
[Round "5.1"]
[White "Nord, Alexander"]
[Black "Soderstrom, Adrian"]
[Result "1/2-1/2"]
[TimeControl "90 minutes for 40 moves + 30 minutes for the rest of the game + 30 seconds per move from move one."]
[WhiteTitle "CM"]
[BlackTitle "CM"]
[WhiteFideId "1738135"]
[BlackFideId "1745786"]
[WhiteElo "2200"]
[BlackElo "2292"]

1. d4 d5 2. Nf3 Nf6 3. g3 c5 4. Bg2 cxd4 5. O-O h6 6. b3 h5 7. Bb2 h4 8. Nxd4 e5 9. Nf3 e4 10.
Nd4 Ng4 11. Qc1 Bd6 12. Nb5 hxg3 13. hxg3 e3 14. f4 Bc5 15. Ba3 Qb6 16. Bxc5 Qxc5 17. N5c3 d4 18. Nd5 Rh5 19. c4 d3 20.
Qa3 Qxa3 21. Nxa3 Nc6 22. exd3 Bf5 23. Rfe1 O-O-O 24. Nc2 Bxd3 25. Ncxe3 Nxe3 26. Rxe3 Bf5 27. b4 Be6 28. a3 g5 29.
f5 Bxf5 30. b5 Nd4 31. Rd1 Nc2 32. Rc3 Bh7 33. Bf3 Rh6 34. Rd2 Ne1 35. Bg4+ f5 36. Ne7+ Kc7 37. Rxd8 Kxd8 38. Nxf5 Rf6 39. Nd4 Nd3 40. c5 Nf2 41.
Bf3 Ne4 42. Bxe4 Bxe4 43. Re3 Bd5 44. Re5 Bc4 45. Rxg5 Rf1+ 46. Kg2 Rd1 47. Rg4 Rd3 48. a4 Bd5+ 49. Kf2 Ke7 50. Rf4 Rc3 51.
Nf5+ Ke6 52. Ne3 Ba2 53. Re4+ Kf6 54. Rd4 Be6 55. Rd8 Rxc5 56. Ra8 a6 57. bxa6 bxa6 58. Rxa6 Ke5 59. Ra7 Rc3 60.
Re7 Kd6 61. Rh7 Ra3 62. Rh4 Kc5 63. Rf4 Bb3 64. g4 Rxa4 65. Kf3 Rxf4+ 66. Kxf4 Kd6 67. Nf5+ Kd7 68. Ke5 Ke8 69. Kf6 Kf8 70.
Nd4 Ba2 71. g5 Bb1 72. Nf5 Bxf5 73. Kxf5 Kf7 74. g6+ Kg7 75. Kg5 Kg8 76. Kf6 Kf8 77. g7+ Kg8 78. Kg6 1/2-1/2

[Event "Schack-SM 2022: Junior-SM"]
[Site "Fyrishov, Idrottsgatan 2, Uppsala, Sweden"]
[Date "2022.07.06"]
[Round "5.2"]
[White "Seo, Jung Hyun"]
[Black "Olsson, William"]
[Result "1/2-1/2"]
[TimeControl "90 minutes for 40 moves + 30 minutes for the rest of the game + 30 seconds per move from move one."]
[BlackTitle "FM"]
[WhiteFideId "1735667"]
[BlackFideId "1741721"]
[WhiteElo "2102"]
[BlackElo "2284"]

1. e4 c5 2. Nf3 d6 3. d4 cxd4 4. Nxd4 Nf6 5. Nc3 g6 6. Be3 Bg7 7. f3 O-O 8. Qd2 Nc6 9. O-O-O d5 10. Qe1 e5 11. Nxc6 bxc6 12.
exd5 Nxd5 13. Bc4 Be6 14. Ne4 Qc7 15. Bc5 Rfd8 16. Qh4 h6 17. g4 Nf4 18. Bxe6 Nxe6 19. Bd6 Qa5 20. Kb1 Nd4 21.
c3 Nb5 22. Bb4 Qb6 23. a4 Rxd1+ 24. Rxd1 Nd4 25. Qe7 a5 26. Ba3 Qb3 27. Rd2 Bf8 28. Nf6+ Kh8 29. Qxf8+ Rxf8 30. Bxf8 Qe6 31. cxd4 Qxf6 32. dxe5 Qxe5 33. Bxh6 Kh7 34. g5 Qf5+ 35. Ka2 Qe6+ 36.
b3 f6 37. f4 Kg8 38. Rd8+ Kh7 39. gxf6 Qxf6 40. Bg5 Qc3 41. Rd7+ Kg8 42. Re7 Qc2+ 43. Ka3 Qb1 44. Re2 Kf7 45.
Re7+ Kf8 46. Re2 Qa1+ 47. Ra2 Qc1+ 48. Rb2 Ke8 49. h4 Kd7 50. Ka2 Qe1 51. Rc2 Kd6 52. Rc4 Kd5 53. Kb2 Qf1 54.
Ka2 Qe2+ 55. Kb1 Qg2 56. Ka1 Qh1+ 1/2-1/2

[Event "Schack-SM 2022: Junior-SM"]
[Site "Fyrishov, Idrottsgatan 2, Uppsala, Sweden"]
[Date "2022.07.06"]
[Round "5.3"]
[White "Wernberg, Hugo"]
[Black "Grahn, Vidar"]
[Result "1-0"]
[TimeControl "90 minutes for 40 moves + 30 minutes for the rest of the game + 30 seconds per move from move one."]
[WhiteTitle "FM"]
[WhiteFideId "1737511"]
[BlackFideId "1744780"]
[WhiteElo "2316"]
[BlackElo "2003"]

1. d4 d5 2. c4 c6 3. Nf3 Nf6 4. Nc3 e6 5. e3 Nbd7 6. Be2 dxc4 7. a4 Bb4 8. Bxc4 O-O 9. O-O c5 10.
Na2 Ba5 11. dxc5 Bc7 12. b4 a5 13. Ba3 Qe7 14. Rc1 Rd8 15. Qe2 axb4 16. Bxb4 Ba5 17. Ba3 b6 18. Nd4 Re8 19. Nc6 Qf8 20.
Bb5 bxc5 21. Nxa5 Rxa5 22. Rfd1 Rd8 23. Qd2 Ra8 24. Bxc5 Ne4 25. Bxf8 Nxd2 26. Rxd2 Kxf8 27. Nb4 e5 28.
Rcd1 f6 29. h3 1-0

[Event "Schack-SM 2022: Junior-SM"]
[Site "Fyrishov, Idrottsgatan 2, Uppsala, Sweden"]
[Date "2022.07.06"]
[Round "5.4"]
[White "Rasti, Arvin"]
[Black "Ostlund, Joar"]
[Result "0-1"]
[TimeControl "90 minutes for 40 moves + 30 minutes for the rest of the game + 30 seconds per move from move one."]
[BlackTitle "CM"]
[WhiteFideId "1741160"]
[BlackFideId "1735020"]
[WhiteElo "2136"]
[BlackElo "2222"]

1. e4 e5 2. Nc3 Nf6 3. g3 Bc5 4. Bg2 O-O 5. d3 Nc6 6. Nge2 a5 7. O-O d6 8. h3 a4 9. Kh2 a3 10.
bxa3 Bxa3 11. Bxa3 Rxa3 12. f4 Re8 13. Qc1 Ra5 14. Qd2 b6 15. Nd5 Nxd5 16. exd5 Nd4 17. Nc3 f6 18. Ne4 Nf5 19.
fxe5 dxe5 20. c4 Nd6 21. Nc3 Bf5 22. Rae1 Qd7 23. Rf2 Bg6 24. g4 h6 25. Rfe2 Rea8 26. Bf3 Rf8 27. h4 Ra3 28.
Rg1 Qd8 29. Kh3 Qa8 30. Re3 Qa5 31. Rc1 Ra8 32. Bd1 e4 33. Be2 exd3 34. Bxd3 Bxd3 35. Rxd3 Nxc4 0-1

[Event "Schack-SM 2022: Junior-SM"]
[Site "Fyrishov, Idrottsgatan 2, Uppsala, Sweden"]
[Date "2022.07.06"]
[Round "5.5"]
[White "Torngren, Gustav"]
[Black "Falkevall, Axel"]
[Result "1/2-1/2"]
[TimeControl "90 minutes for 40 moves + 30 minutes for the rest of the game + 30 seconds per move from move one."]
[WhiteTitle "FM"]
[BlackTitle "FM"]
[WhiteFideId "1728970"]
[BlackFideId "1735560"]
[WhiteElo "2273"]
[BlackElo "2275"]

1. d4 Nf6 2. Nf3 d5 3. c4 e6 4. Nc3 Bb4 5. Bg5 h6 6. Bxf6 Qxf6 7. Qa4+ Nc6 8. e3 O-O 9. Rc1 Rd8 10.
Be2 dxc4 11. Qb5 Bxc3+ 12. Rxc3 Ne7 13. Rxc4 Nd5 14. O-O a6 15. Qb3 b6 16. Rfc1 a5 17. e4 Nf4 18. Bf1 c5 19.
g3 Ba6 20. R4c2 Bxf1 21. Kxf1 cxd4 22. gxf4 d3 23. Rc3 Qxf4 24. Ng1 Qxe4 25. Rd1 a4 26. Qc4 Rd4 27. Qc6 Qxc6 28. Rxc6 Rb4 29. Rd2 e5 30. a3 Rb3 31. Nf3 Ra5 32. Rc8+ Kh7 33. Re8 f6 34.
Ne1 Rd5 35. f3 f5 36. Kf2 f4 37. Rc8 Kg6 38. Rc3 Rxc3 39. bxc3 Kf5 40. Rxd3 Rb5 41. Ke2 Rb2+ 42. Rd2 Rb3 43. Kd3 g5 44. Nc2 h5 45. h3 Rb1 46. Kc4 Rh1 47.
Rd5 Rxh3 48. Nd4+ Kg6 49. Rxe5 g4 50. fxg4 hxg4 51. Re4 Kg5 52. Ne6+ Kf5 53. Rxf4+ Kxe6 54. Rxg4 Kd6 55. Kb4 Kc6 56.
Rc4+ Kb7 57. Kxa4 Ka6 58. Kb4 Rh1 59. Kb3 Rb1+ 60. Kc2 Rh1 61. Ra4+ Kb7 62. Rg4 Ka6 63. Rg5 Rh4 64. Kb3 Rh1 65.
Rg2 Rh6 66. Kb4 Rh1 67. Rb2 Rh4+ 68. Kb3 Kb7 69. Rb1 Ka6 70. Rg1 Kb7 71. Ra1 Ka6 72. Rd1 Kb7 73. Rd4 Rh1 74. Rb4 Ka6 75.
Kc4 Rh4+ 76. Kd3 Rh3+ 77. Kc2 Rh2+ 78. Kb3 Rh1 79. Rf4 Rb1+ 80. Kc2 Rh1 81. Rf2 Rg1 82. Rh2 Rf1 83. Kb3 Rb1+ 84.
Rb2 Rh1 85. a4 Rh4 86. Ka3 Rc4 87. Kb3 Rh4 88. Rg2 Rh1 89.
Rg5 Rb1+ 90. Ka2 Rh1 91.
Rb5 Rh4 92. Rb4 Rh3 93. Rc4 Rh1 94.
Rc8 Kb7 95. Rd8 Rh5 96. Rd1 Ka6 97. Kb3 Kb7 98. Kb4 Rh2 99. Rb1 Ka6 100. c4 Rh5 101. Ra1 Rg5 102. Rd1 Rg2 103. Rd3 Rb2+ 104. Rb3 Ra2 105. Rb1 Rc2 106. a5 bxa5+ 107. Kc5 Rh2 108. Rb6+ Ka7 109. Rg6 Kb7 110. Rg7+ Kc8 111. Kb5 Rh5+ 112. Kb6 Rh6+ 113. Kxa5 Rh5+ 114. Kb4 Rf5 115. Rh7 Rg5 116. Ra7 Rh5 117. Rf7 Rg5 118. Rh7 Rf5 119. Kc3 Rg5 120.
Re7 Rh5 121. Kd4 Rh4+ 122. Kd5 Rh5+ 123. Kd6 Rh6+ 124. Kd5 Rh5+ 125. Kc6 Rh6+ 126. Kc5 Rh5+ 127. Kc6 Rh6+ 128. Kb5 Rh5+ 129. Kb6 Rh6+ 130. Kb5 Rh5+ 131. c5 Rh6 132. Rg7 Rf6 1/2-1/2

[Event "Schack-SM 2022: Junior-SM"]
[Site "Fyrishov, Idrottsgatan 2, Uppsala, Sweden"]
[Date "2022.07.05"]
[Round "4.3"]
[White "Ostlund, Joar"]
[Black "Seo, Jung Hyun"]
[Result "0-1"]
[TimeControl "90 minutes for 40 moves + 30 minutes for the rest of the game + 30 seconds per move from move one."]
[WhiteTitle "CM"]
[WhiteFideId "1735020"]
[BlackFideId "1735667"]
[WhiteElo "2222"]
[BlackElo "2102"]

1. d4 d5 2. c4 e6 3. Nc3 a6 4. cxd5 exd5 5. Nf3 c6 6. Bf4 Bd6 7. Bxd6 Qxd6 8. e3 Bf5 9. Qb3 b5 10.
a4 b4 11. Na2 a5 12. Bd3 Bxd3 13. Qxd3 Nf6 14. Nc1 Nbd7 15. Nb3 O-O 16. O-O Rfc8 17. Rfc1 c5 18. dxc5 Nxc5 19. Nxc5 Rxc5 20.
Nd4 Rac8 21. Rxc5 Qxc5 22. Nb3 Qc4 23. Qd1 Qc2 24. Qxc2 Rxc2 25. Nxa5 Rxb2 26. Nc6 Ne4 27. a5 Nc5 28.
Kf1 Na6 29. Ne7+ Kf8 30. Nxd5 b3 31. Ra3 Rd2 32. Nc3 b2 33. Rb3 Rc2 34. Nd1 Rc1 35. Rxb2 Rxd1+ 36. Ke2 Rd5 37. Ra2 g6 38.
e4 Rc5 39. Kd3 Nb4+ 40. Kd4 Rxa5 41. Rb2 Nc6+ 42. Ke3 Ne5 43. Rb8+ Kg7 44. h3 Ra3+ 45. Kf4 Nd3+ 46. Kg3 Nc5+ 47.
Kf4 Ne6+ 48. Kg4 h5+ 49. Kh4 Nf4 0-1

[Event "Schack-SM 2022: Junior-SM"]
[Site "Fyrishov, Idrottsgatan 2, Uppsala, Sweden"]
[Date "2022.07.05"]
[Round "4.4"]
[White "Grahn, Vidar"]
[Black "Torngren, Gustav"]
[Result "0-1"]
[TimeControl "90 minutes for 40 moves + 30 minutes for the rest of the game + 30 seconds per move from move one."]
[BlackTitle "FM"]
[WhiteFideId "1744780"]
[BlackFideId "1728970"]
[WhiteElo "2003"]
[BlackElo "2273"]

1. e4 c5 2. Nf3 d6 3. d4 cxd4 4. Nxd4 Nf6 5. Nc3 a6 6. Bc4 e6 7. Bb3 b5 8. O-O Be7 9. Qf3 Qc7 10.
Qg3 Rg8 11. f3 Nbd7 12. Be3 Nc5 13. a3 Nxb3 14. cxb3 e5 15. Nf5 Bxf5 16. exf5 Qd7 17. f4 e4 18. Bd4 d5 19. Bxf6 Bxf6 20.
Rad1 Bxc3 21. Qxc3 f6 22. Rfe1 Rd8 23. Rxe4+ dxe4 24. Rxd7 Kxd7 25. Qd4+ Kc7 26. Qa7+ Kc6 27. Qxa6+ Kc5 28.
b4+ Kd4 29. Qb6+ Kd3 30. Kf2 Rge8 31. Qxb5+ Kd2 32. Qe2+ Kc1 33. Qc4+ Kb1 34. Ke3 Rd3+ 35. Ke2 Kxb2 36. Qc6 Rdd8 37.
Ke3 Rc8 38. Qd7 Rc3+ 39. Ke2 Rec8 40. Qxg7 Rb3 41. Qxf6+ Kb1 42. Qe6 Rc2+ 43. Kf1 Rd3 44. Qxe4 Rd1 45. Qe1 Rxe1 46. Kxe1 Rxg2 47.
f6 Rg4 48. Kd2 Rxf4 49. Kc3 Ka2 50. a4 Ka3 51. a5 Ka4 52. f7 Kb5 0-1

[Event "Schack-SM 2022: Junior-SM"]
[Site "Fyrishov, Idrottsgatan 2, Uppsala, Sweden"]
[Date "2022.07.05"]
[Round "4.5"]
[White "Falkevall, Axel"]
[Black "Rasti, Arvin"]
[Result "1-0"]
[TimeControl "90 minutes for 40 moves + 30 minutes for the rest of the game + 30 seconds per move from move one."]
[WhiteTitle "FM"]
[WhiteFideId "1735560"]
[BlackFideId "1741160"]
[WhiteElo "2275"]
[BlackElo "2136"]

1. e4 d6 2. d4 Nf6 3. Nc3 e5 4. Nf3 Nbd7 5. Bc4 Be7 6. O-O O-O 7. Re1 c6 8. a4 b6 9. h3 a6 10.
Ba2 Bb7 11. dxe5 dxe5 12. Nh4 g6 13. Bh6 Re8 14. Nf3 Nh5 15. Qd3 b5 16. Rad1 Nc5 17. Qxd8 Bxd8 18. Be3 Ne6 19. Nxe5 b4 20.
Nb1 Nf6 21. Nd2 Bc7 22. Nd3 a5 23. Bxe6 fxe6 24. Nc5 1-0

[Event "Schack-SM 2022: Junior-SM"]
[Site "Fyrishov, Idrottsgatan 2, Uppsala, Sweden"]
[Date "2022.07.05"]
[Round "4.1"]
[White "Olsson, William"]
[Black "Nord, Alexander"]
[Result "1-0"]
[TimeControl "90 minutes for 40 moves + 30 minutes for the rest of the game + 30 seconds per move from move one."]
[WhiteTitle "FM"]
[BlackTitle "CM"]
[WhiteFideId "1741721"]
[BlackFideId "1738135"]
[WhiteElo "2284"]
[BlackElo "2200"]

1. c4 e5 2. g3 Nf6 3. Bg2 d5 4. cxd5 Nxd5 5. Nf3 Nc6 6. O-O Nb6 7. b3 Bd6 8. Bb2 O-O 9. Nc3 Qe7 10.
Nb5 f6 11. d4 exd4 12. Nxd6 Qxd6 13. Nxd4 Nxd4 14. Bxd4 Rd8 15. e3 c6 16. Qc2 Be6 17. Be4 h6 18. Bg2 Kh8 19. Rfd1 Qe7 20.
e4 Nd7 21. f4 Bg8 22. Re1 Rdc8 23. Rad1 Rd8 24. Bf2 a5 25. Rd3 Nf8 26. Rxd8 Qxd8 27. e5 fxe5 28. Rxe5 Nd7 29. Re1 Nf6 30.
Qb2 a4 31. Bd4 axb3 32. axb3 Qf8 33. Qc3 Qf7 34. b4 Re8 35. Rxe8 Nxe8 36. h3 Qd7 37. Qc5 Qf7 38. b5 cxb5 39.
Qxb5 Nd6 40. Qb6 Qd7 41. Be5 Nf7 42. Bc7 Qd1+ 43. Kh2 Qd2 44. Qxb7 Nd6 45. Qc6 Nf5 46. Be5 Qe3 47. Qc3 Qf2 48.
Qf3 Qd2 49. Bc3 Qc2 50. Be1 Nd4 51. Qf2 Qc5 52. Qd2 Nf5 53. Bf2 Qe7 54. Qd3 Qf7 55. Qe2 Qd7 56. g4 Ne7 57. Kg3 Bd5 58.
Bf1 Bg8 59. Qb5 Qd2 60. Qd3 Qc1 61. Bg2 Qc7 62. Bd4 Nc8 63. Qg6 Qe7 64. Qxh6+ Bh7 65. Qc6 Nd6 66. Be5 Nf7 67. Qc7 Qa3+ 68.
Qc3 Qf8 69. Bd4 Nd6 70. Qe3 Nc4 71. Qf3 Nd6 72. Qa8 Ne8 73. Be5 Qe7 74. Bf3 Bg8 75. Qc6 Bf7 76. g5 Be6 77. h4 Kg8 78.
Bg4 Bf7 79. g6 Ba2 80. Qd7 Qxd7 81. Bxd7 Nf6 82. Bxf6 gxf6 83. f5 Kg7 84. Be6 Bb1 85. Kf4 Bc2 86. Bd5 Bd3 87. Bf3 Bc2 88.
Bg4 Bd3 89. Ke3 Bc2 90. Kd4 Bb3 91. Kc5 Bc2 92. Kd6 Bb3 93. Ke7 Bc4 94. h5 Bb5 95. Bh3 Bc6 96. h6 Kxh6 97. Kxf6 Be8 98.
Bf1 Bd7 99. g7 1-0

[Event "Schack-SM 2022: Junior-SM"]
[Site "Fyrishov, Idrottsgatan 2, Uppsala, Sweden"]
[Date "2022.07.05"]
[Round "4.2"]
[White "Soderstrom, Adrian"]
[Black "Wernberg, Hugo"]
[Result "1/2-1/2"]
[TimeControl "90 minutes for 40 moves + 30 minutes for the rest of the game + 30 seconds per move from move one."]
[WhiteTitle "CM"]
[BlackTitle "FM"]
[WhiteFideId "1745786"]
[BlackFideId "1737511"]
[WhiteElo "2292"]
[BlackElo "2316"]

1. d4 Nf6 2. c4 e6 3. Nf3 b6 4. g3 Bb4+ 5. Nbd2 Bb7 6. Bg2 O-O 7. O-O d5 8. Ne5 Nfd7 9. Ndf3 dxc4 10.
Qc2 g6 11. Nxc4 Be7 12. Rd1 Bf6 13. Bf4 Qe7 14. Rac1 Na6 15. Qa4 g5 16. Be3 Nab8 17. Nce5 c5 18. Nxd7 Nxd7 19. dxc5 Nxc5 20.
Qg4 Bxf3 21. exf3 Rad8 22. f4 Bxb2 23. Rb1 Bg7 24. fxg5 Rxd1+ 25. Rxd1 Rd8 26. h4 Rxd1+ 27. Qxd1 Qd7 28.
Qf3 Qc8 29. h5 Nd3 30. Qe4 Nc5 31. Qg4 Qd7 32. g6 hxg6 33. hxg6 fxg6 34. Qxg6 Qf7 35. Qb1 Qd7 36. Bh3 Kf7 37.
Bg4 Qd3 38. Qc1 Qd5 39. a3 Qe5 40. Kh2 Qd5 41. Qf1 Bd4 42. Qc1 Qe5 43. Bxd4 Qxd4 44. Bh5+ Ke7 45. Qc2 Nd3 46. Qc7+ Qd7 47.
Qc3 Qd5 48. Qg7+ Kd6 49. Qf8+ Kc7 50. Bf3 Qd4 51. Qf7+ Kd6 52. Qf8+ Kd7 53. Qf7+ Kd6 54. Qf8+ 1/2-1/2

[Event "Schack-SM 2022: Junior-SM"]
[Site "Fyrishov, Idrottsgatan 2, Uppsala, Sweden"]
[Date "2022.07.04"]
[Round "3.1"]
[White "Wernberg, Hugo"]
[Black "Olsson, William"]
[Result "0-1"]
[TimeControl "90 minutes for 40 moves + 30 minutes for the rest of the game + 30 seconds per move from move one."]
[WhiteTitle "FM"]
[BlackTitle "FM"]
[WhiteFideId "1737511"]
[BlackFideId "1741721"]
[WhiteElo "2316"]
[BlackElo "2284"]

1. e4 c5 2. Nf3 d6 3. Bb5+ Nd7 4. Ba4 Ngf6 5. O-O e5 6. d3 Be7 7. Re1 O-O 8. c3 Rb8 9. Bc2 b5 10.
Nbd2 Re8 11. Nf1 Bf8 12. h3 Bb7 13. Ng3 g6 14. b3 Bg7 15. Bb2 Qc7 16. d4 a5 17. dxe5 dxe5 18. Qe2 Bc6 19.
Red1 Nf8 20. c4 N6d7 21. cxb5 Bxb5 22. Bd3 Bc6 23. Bc4 Nb6 24. Ba3 Nxc4 25. Qxc4 Ne6 26. Rac1 Bf8 27. Qc3 f6 28.
Nd2 Kg7 29. Nc4 Ra8 30. Ne3 Qb7 31. f3 Red8 32. Rxd8 Rxd8 33. Nc4 a4 34. Na5 Qb6 35. Nxc6 Qxc6 36. b4 c4 37. Qxc4 Rd1+ 38.
Nf1 Qxc4 39. Rxc4 Ra1 40. Rc2 Nd4 41. Rc7+ Kg8 42. Rc8 Rxa2 43. Bc1 Ne2+ 44. Kh2 Nxc1 45. Rxc1 Bxb4 46. Ne3 Bd2 47. Rc8+ Kf7 48. Nd5 a3 49. Rc7+ Ke6 50. Ra7 Kd6 51.
Ra6+ Kc5 52. Nxf6 Kb5 53. Ra8 Bf4+ 54. Kg1 Be3+ 55. Kh2 Bf4+ 56. Kg1 Bg3 57. Rb8+ Kc4 58. Rc8+ Kd3 59. Rc1 Kd2 60.
Rf1 Rc2 61. Nd5 Rc1 62. Nb4 Bf4 63. Rxc1 Kxc1 64. Kf1 Bd2 0-1

[Event "Schack-SM 2022: Junior-SM"]
[Site "Fyrishov, Idrottsgatan 2, Uppsala, Sweden"]
[Date "2022.07.04"]
[Round "3.5"]
[White "Grahn, Vidar"]
[Black "Falkevall, Axel"]
[Result "0-1"]
[TimeControl "90 minutes for 40 moves + 30 minutes for the rest of the game + 30 seconds per move from move one."]
[BlackTitle "FM"]
[WhiteFideId "1744780"]
[BlackFideId "1735560"]
[WhiteElo "2003"]
[BlackElo "2275"]

1. e4 c5 2. Nf3 d6 3. d4 cxd4 4. Nxd4 Nf6 5. Nc3 a6 6. Bc4 e6 7. Bb3 b5 8. O-O Be7 9. Qf3 Qb6 10.
Be3 Qb7 11. a3 Nbd7 12. Rfe1 O-O 13. Qg3 Kh8 14. f3 Nb6 15. a4 b4 16. Na2 d5 17. e5 Nfd7 18. c3 bxc3 19. bxc3 Nc4 20.
Bg5 Nc5 21. Bc2 Bxg5 22. Qxg5 h6 23. Qh4 Bd7 24. Nc1 Qc7 25. f4 Nd2 26. Re3 Nce4 27. Nce2 f6 28. Nf3 Nxf3+ 29. gxf3 Qc5 30.
Nd4 Nxc3 31. f5 fxe5 32. Rxe5 exf5 33. Qf2 Rab8 34. Bxf5 Bxf5 35. Nxf5 Qxf2+ 36. Kxf2 Rb2+ 37. Kg1 Re2 38.
Rxe2 Nxe2+ 39. Kf2 Rxf5 40. Kxe2 Rh5 41. Ke3 Rxh2 42. Kd4 Rd2+ 43. Kc5 d4 44. Kb6 d3 45. Kxa6 Rb2 46. a5 d2 47.
Rd1 Kg8 48. Ka7 Kf7 49. a6 Ke6 50. Ka8 Kd5 51. a7 Kd4 52. f4 Ra2 53. Kb8 Kd3 54. Rg1 Kc2 55. Rg2 Kc1 56. f5 d1=Q 57.
Rxa2 Qb3+ 0-1

[Event "Schack-SM 2022: Junior-SM"]
[Site "Fyrishov, Idrottsgatan 2, Uppsala, Sweden"]
[Date "2022.07.03"]
[Round "2.1"]
[White "Ostlund, Joar"]
[Black "Wernberg, Hugo"]
[Result "1/2-1/2"]
[TimeControl "90 minutes for 40 moves + 30 minutes for the rest of the game + 30 seconds per move from move one."]
[WhiteTitle "CM"]
[BlackTitle "FM"]
[WhiteFideId "1735020"]
[BlackFideId "1737511"]
[WhiteElo "2222"]
[BlackElo "2316"]

1. d4 d5 2. Nf3 Nf6 3. c4 e6 4. Nc3 Be7 5. Bf4 O-O 6. e3 Nbd7 7. c5 Nh5 8. Bd3 Nxf4 9. exf4 b6 10.
b4 a5 11. a3 c6 12. O-O Ba6 13. Bxa6 Rxa6 14. Qe2 Qa8 15. Rab1 axb4 16. axb4 Ra3 17. Rfc1 Bf6 18. Qd2 bxc5 19.
bxc5 Rb8 20. Ne5 Nxe5 21. fxe5 Bd8 22. Rxb8 Qxb8 23. Rb1 Qa8 24. Qb2 Kf8 25. g3 Ke8 26. Kg2 Qa5 27. Qb7 Qc7 28.
Qb2 Qa7 29. Qb4 Ra5 30. Qb3 Ra3 31. Qb2 Qa6 32. Qb4 Bc7 33. Rb3 Ra1 34. Rb1 Ra3 35. Rb3 Ra5 36. Rb2 Kd7 37. Ne2 Qd3 38.
Qd2 Qxd2 1/2-1/2

[Event "Schack-SM 2022: Junior-SM"]
[Site "Fyrishov, Idrottsgatan 2, Uppsala, Sweden"]
[Date "2022.07.03"]
[Round "2.2"]
[White "Olsson, William"]
[Black "Torngren, Gustav"]
[Result "1-0"]
[TimeControl "90 minutes for 40 moves + 30 minutes for the rest of the game + 30 seconds per move from move one."]
[WhiteTitle "FM"]
[BlackTitle "FM"]
[WhiteFideId "1741721"]
[BlackFideId "1728970"]
[WhiteElo "2284"]
[BlackElo "2273"]

1. c4 e6 2. Nf3 d5 3. g3 Nf6 4. Bg2 d4 5. O-O Be7 6. b4 O-O 7. Bb2 c5 8. Na3 Nbd7 9. bxc5 e5 10. Nb5 Bxc5 11.
e3 dxe3 12. fxe3 a6 13. Nc3 Qe7 14. d4 Ba7 15. Kh1 Rd8 16. Qb3 Rb8 17. dxe5 Ng4 18. Nd5 Qe6 19. Bd4 Bxd4 20. exd4 b5 21.
h3 Nh6 22. Ng5 Qe8 23. c5 Bb7 24. Rae1 Nf8 25. e6 fxe6 26. Nxe6 Nxe6 27. Rxe6 Qh5 28. Re5 1-0

[Event "Schack-SM 2022: Junior-SM"]
[Site "Fyrishov, Idrottsgatan 2, Uppsala, Sweden"]
[Date "2022.07.03"]
[Round "2.4"]
[White "Soderstrom, Adrian"]
[Black "Grahn, Vidar"]
[Result "1/2-1/2"]
[TimeControl "90 minutes for 40 moves + 30 minutes for the rest of the game + 30 seconds per move from move one."]
[WhiteTitle "CM"]
[WhiteFideId "1745786"]
[BlackFideId "1744780"]
[WhiteElo "2292"]
[BlackElo "2003"]

1. d4 d5 2. c4 c6 3. Nf3 Nf6 4.
e3 Bf5 5. cxd5 cxd5 6. Nc3 Nc6 7. Ne5 Rc8 8. Bb5 e6 9. g4 Bg6 10. h4 h5 11.
Nxg6 fxg6 12. g5 Ng8 13. Qa4 a6 14. Bd3 Nge7 15. Bd2 Nf5 16. Rc1 Bb4 17. a3 Bxc3 18. bxc3 O-O 19. c4 Qe7 20.
Qb3 Qf7 21. f4 Rce8 22. Qb6 Kh7 23. Kd1 Qd7 24. c5 Nce7 25. Rb1 Rb8 26. Bc2 Ng3 27. Rg1 Ngf5 28. Rh1 Ng3 29. Rh3 Nef5 30.
Ke1 Ne4 31. Bxe4 dxe4 32. Qb3 Qd5 33. Kf2 Ne7 34. Qxd5 exd5 35. Ba5 Rfc8 36. Bb6 Nc6 37. Rh2 Kg8 38. Kg3 Kf7 39. Rf2 Ke6 40. Rbf1 Kf5 41. Kh3 Ra8 42. Kg3 Rab8 43. Rg2 Ra8 44.
Rb1 a5 45. Rb5 1/2-1/2

[Event "Schack-SM 2022: Junior-SM"]
[Site "Fyrishov, Idrottsgatan 2, Uppsala, Sweden"]
[Date "2022.07.03"]
[Round "2.5"]
[White "Falkevall, Axel"]
[Black "Seo, Jung Hyun"]
[Result "1-0"]
[TimeControl "90 minutes for 40 moves + 30 minutes for the rest of the game + 30 seconds per move from move one."]
[WhiteTitle "FM"]
[WhiteFideId "1735560"]
[BlackFideId "1735667"]
[WhiteElo "2275"]
[BlackElo "2102"]

1. e4 c6 2. d4 d5 3. e5 Bf5 4. h4 h5 5. c4 e6 6. Nc3 Ne7 7. Nge2 dxc4 8. Ng3 b5 9. Bg5 Qd7 10.
Be2 Na6 11. O-O Nb4 12. a4 Nbd5 13. Nxd5 exd5 14. Nxf5 Nxf5 15. e6 fxe6 16. Bxh5+ Rxh5 17. Qxh5+ g6 18. Qg4 b4 19. Rfe1 Qf7 20.
Rad1 Kd7 21. Qf3 Be7 22. g4 Nd6 23. Qxf7 Nxf7 24. Bxe7 Kxe7 25. Kg2 Rh8 26. Kg3 Kd6 27. f4 Nd8 28.
Rh1 c5 29. dxc5+ Kxc5 30. h5 gxh5 31. gxh5 Nf7 32. Kf3 c3 33. bxc3 bxc3 34. Ke3 Nh6 35. Kd3 d4 36. Rdg1 Kd5 37. Rg5+ Nf5 38. h6 Rb8 39. Rg2 Ne3 40. Re2 c2 41.
Rxe3 dxe3 42. Rh5+ Kd6 43. Kxc2 Ke7 44. h7 Rh8 45. Kd3 e2 46. Kxe2 Kf6 47. Rh6+ Kf5 48. Kf3 a5 49. Kg3 e5 50. fxe5 Kxe5 51.
Kg4 Kd4 52. Kg5 Kc3 53. Kg6 Kb3 54.
Rh4 Rb8 55. Kg7 Rb7+ 56. Kf6 Rb8 57. h8=Q Rxh8 58. Rxh8 Kxa4 59. Rb8 Ka3 60. Ke5 a4 61. Kd4 Ka2 62. Kc3 a3 63. Ra8 Kb1 64.
Rxa3 Kc1 65. Ra1# 1-0

[Event "Schack-SM 2022: Junior-SM"]
[Site "Fyrishov, Idrottsgatan 2, Uppsala, Sweden"]
[Date "2022.07.02"]
[Round "1.2"]
[White "Wernberg, Hugo"]
[Black "Rasti, Arvin"]
[Result "1/2-1/2"]
[TimeControl "90 minutes for 40 moves + 30 minutes for the rest of the game + 30 seconds per move from move one."]
[WhiteTitle "FM"]
[WhiteFideId "1737511"]
[BlackFideId "1741160"]
[WhiteElo "2316"]
[BlackElo "2136"]

1. d4 Nf6 2. c4 e6 3. Nc3 Bb4 4. e3 O-O 5. Bd3 d5 6. Nf3 b6 7. O-O Ba6 8. cxd5 exd5 9. Bxa6 Nxa6 10.
Qd3 Qc8 11. a3 Be7 12. e4 dxe4 13. Nxe4 Nxe4 14. Qxe4 Re8 15. Bf4 Bd6 16. Be5 f6 17. Qd5+ Qe6 18. Qxe6+ Rxe6 19. Bxd6 Rxd6 20.
Rfc1 Re8 21. b4 c6 22. g3 Kf7 23. Rc4 Nc7 24. a4 b5 1/2-1/2

[Event "Schack-SM 2022: Junior-SM"]
[Site "Fyrishov, Idrottsgatan 2, Uppsala, Sweden"]
[Date "2022.07.02"]
[Round "1.3"]
[White "Grahn, Vidar"]
[Black "Olsson, William"]
[Result "0-1"]
[TimeControl "90 minutes for 40 moves + 30 minutes for the rest of the game + 30 seconds per move from move one."]
[BlackTitle "FM"]
[WhiteFideId "1744780"]
[BlackFideId "1741721"]
[WhiteElo "2003"]
[BlackElo "2284"]

1. e4 c5 2. Nf3 d6 3. d4 cxd4 4. Nxd4 Nf6 5. Nc3 g6 6. Be3 Bg7 7. f3 O-O 8. Qd2 Nc6 9. Bc4 Bd7 10.
O-O-O Rc8 11. Bb3 Ne5 12. h4 h5 13. Bg5 Rc5 14. Kb1 b5 15. g4 hxg4 16. h5 Nxh5 17. Nd5 Re8 18. Rdg1 Rxd5 19.
exd5 Qb6 20. Be3 Qb7 21. Bh6 Bf6 22. fxg4 Bxg4 23. Nc6 Bf3 24. Rh3 Qc8 25. Qh2 Qf5 26. Bc1 Bg4 27. Nd4 Qe4 28.
Rxh5 Bxh5 29. Qxh5 Qxd4 30. Rg2 Qe4 31. Qh3 Qh4 32. Qe3 a5 33. c3 b4 34. cxb4 axb4 35. Bc2 Kg7 36. b3 Rc8 37.
Bd2 Rh8 38. Be4 Qh5 39. Rg1 Nd7 40. Bg2 Qf5+ 41. Qe4 Qxe4+ 42. Bxe4 Rh4 43. Bc2 Nc5 44. Rf1 Rd4 45. Kc1 Na6 46.
Rd1 Nc7 47. Be1 Nxd5 48. Rxd4 Bxd4 49. Be4 Nc3 50. Bxc3 Bxc3 51. Kc2 f5 52. Bg2 Bd4 53. Kd3 Bc5 0-1